Flames vs Flyers
Created - May 7, 2024 at 21:00
Goals
|
| Flames |
1 |
1 |
0 |
2 |
| Flyers |
1 |
2 |
1 |
4 |
|
Shots
|
| Flames |
7 |
10 |
11 |
28 |
| Flyers |
11 |
11 |
11 |
33 |
|
1st period
1. Flames , Esa Lindell 8 (David Ullstrom 19, Victor Rask 1) at 13:02
2. Flyers , Nick Ritchie 34 (Jacob Trouba 23, Jakub Voracek 52) at 17:31
Penalties :
Christian Folin (Cal) for Cross-checking (Minor) at 1:02, Patrik Berglund (Cal) for Interference (Minor) at 10:18, Brad Marchand (Cal) for Tripping (Minor) at 15:30
2nd period
3. Flyers , Jeff Carter 22 (Max Pacioretty 30, Kasperi Kapanen 41) at 1:30 (PP)
4. Flyers , Niclas Bergfors 20 (Calle Jarnkrok 20, Jake Dotchin 12) at 3:20
5. Flames , Kyle Palmieri 11 (Colby Robak 12, David Ullstrom 20) at 16:37
Penalties :
Sami Vatanen (Cal) for Slashing (Minor) at 0:11
3rd period
6. Flyers , Jakub Voracek 33 (Nathan Beaulieu 33, Jordan Nolan 56) at 8:57
Penalties :
Nick Ritchie (Phi) for Interference (Minor) at 10:09, Nathan Beaulieu (Phi) for Tripping (Minor) at 13:45, Calle Jarnkrok (Phi) for High sticking (Minor) at 18:52
Goalie Stats
Christopher Gibson (Cal), 29 saves from 33 shots - (0.879), L, 35-20-4, 60:00 minutes
Ilya Sorokin (Phi), 26 saves from 28 shots - (0.929), W, 16-5-1, 60:00 minutes
Players Stats for Flames
Player Name G A P +/- PIM S H SB GA TA FO MP PP MP PK MP
------------------------------------------------------------------------------------
Anders Lee 0 0 0 -1 0 1 2 0 0 0 2/5 11:54 0:03 0:53
Brad Marchand 0 0 0 -1 2 2 4 0 0 0 1/2 19:30 0:03 3:04
Bryan Rust 0 0 0 -1 0 8 2 0 0 1 1/2 19:47 0:03 3:28
Christian Folin 0 0 0 -1 2 1 0 1 0 1 0/0 16:29 1:41 0:31
Colby Robak 0 1 1 0 0 0 0 1 0 0 0/0 16:07 0:00 4:03
David Savard 0 0 0 0 0 0 0 0 1 0 0/0 16:07 0:00 4:03
David Ullstrom 0 2 2 2 0 0 0 0 0 0 0/0 10:05 0:00 1:24
Eric Staal 0 0 0 0 0 3 3 0 0 0 13/30 20:19 2:51 2:00
Erik Johnson 0 0 0 0 0 3 3 2 1 0 0/0 27:55 3:24 3:13
Esa Lindell 1 0 1 -1 0 2 1 1 0 0 0/0 15:58 1:41 0:00
Jake DeBrusk 0 0 0 -1 0 0 1 0 0 0 0/0 12:20 2:11 0:05
Jimmy Hayes 0 0 0 -1 0 1 0 0 0 0 0/1 15:29 2:51 0:00
Kevin Labanc 0 0 0 -1 0 2 2 0 0 0 0/0 11:55 2:11 0:00
Kyle Palmieri 1 0 1 2 0 1 1 0 0 0 0/0 8:41 0:00 0:00
Patrik Berglund 0 0 0 -2 2 2 0 0 0 0 6/17 18:40 2:11 3:38
Sami Vatanen 0 0 0 0 2 0 0 0 0 2 0/0 27:23 3:24 2:42
Tanner Pearson 0 0 0 -1 0 2 1 0 0 0 0/0 15:20 2:51 0:00
Victor Rask 0 1 1 2 0 0 1 0 0 0 2/2 8:41 0:00 0:00
Players Stats for Flyers
Player Name G A P +/- PIM S H SB GA TA FO MP PP MP PK MP
------------------------------------------------------------------------------------
Brian Lashoff 0 0 0 1 0 1 1 2 0 0 0/0 27:12 4:16 3:18
Brock Nelson 0 0 0 -1 0 0 0 2 0 0 0/0 8:36 0:06 1:09
Cal Foote 0 0 0 0 0 0 3 0 0 0 0/0 12:49 0:00 0:47
Calle Jarnkrok 0 1 1 1 2 1 1 0 0 0 3/4 12:20 0:00 0:37
Ivan Provorov 0 0 0 0 0 0 2 1 0 0 0/0 21:02 3:00 2:00
Jacob Trouba 0 1 1 1 0 2 1 2 1 0 0/0 26:59 4:16 3:05
Jake Dotchin 0 1 1 0 0 1 0 0 0 0 0/0 11:59 0:00 0:00
Jakub Voracek 1 1 2 2 0 6 0 0 1 0 0/1 19:34 3:57 0:43
Jeff Carter 1 0 1 -1 0 3 1 0 0 0 7/14 16:52 3:13 0:00
Jordan Nolan 0 1 1 2 0 3 0 2 1 1 20/32 21:51 3:57 3:00
Kasperi Kapanen 0 1 1 -1 0 7 1 2 0 0 0/0 17:35 3:13 0:43
Max Pacioretty 0 1 1 -1 0 1 2 0 0 0 0/0 17:31 3:13 0:38
Michael Bournival 0 0 0 1 0 0 0 1 0 1 1/1 13:09 0:00 1:21
Nathan Beaulieu 0 1 1 0 2 1 0 0 0 0 0/0 20:01 3:00 1:00
Nick Ritchie 1 0 1 2 2 3 2 0 0 0 3/4 20:50 3:57 1:59
Niclas Bergfors 1 0 1 1 0 2 0 0 0 0 0/0 12:07 0:06 0:00
Travis Konecny 0 0 0 -1 0 1 2 0 1 0 0/0 7:24 0:06 0:00
Travis Zajac 0 0 0 -1 0 1 1 0 0 0 0/3 7:01 0:00 0:00
3 Stars
1 - Jakub Voracek (Phi)
2 - Nick Ritchie (Phi)
3 - Niclas Bergfors (Phi)
Power Play
Flames - 0 on 3 Attempt(s) - 0.00%
Flyers - 1 on 4 Attempt(s) - 25.00%
Penalty Kill
Flames - 3 on 4 Attempt(s) - 75.00%
- Score 0 goal in Penalty Kill
Flyers - 3 on 3 Attempt(s) - 100.00%
- Score 0 goal in Penalty Kill
Team Stat
Flames - Hits : 21 - Faceoff Wins : 25 - Blocked Shots : 5 - Penalty Minutes : 8
Flyers - Hits : 17 - Faceoff Wins : 34 - Blocked Shots : 12 - Penalty Minutes : 6
Official
Referees : Conor O'Donnell and Jon McIsaac
Linesman : James Tobias and Steve Barton
Game Notes
No Game Note
Finance
Level 1 -- Attendance: 6000 (100.00%) -- Ticket Income $600,000
Level 2 -- Attendance: 5000 (100.00%) -- Ticket Income $300,000
Level 3 -- Attendance: 2000 (100.00%) -- Ticket Income $70,000
Level 4 -- Attendance: 3592 (89.80%) -- Ticket Income $89,800
Luxury Box -- Attendance: 943 (94.30%) -- Ticket Income $188,600
Game was played at the Wells Fargo Center.
Total Attendance: 17535 (97.42%)
Total Ticket Income: $1,248,400
Other Income: $187,260
Total Income: $1,435,660
Flames
5 vs 5 Forward
Center Left Wing Right Wing Time % Phy DF OF
1 Eric Staal Brad Marchand Bryan Rust 40 1 2 2
2 Patrik Berglund Tanner Pearson Jimmy Hayes 30 1 2 2
3 Anders Lee Jake DeBrusk Kevin Labanc 20 1 2 2
4 Victor Rask David Ullstrom Kyle Palmieri 10 1 2 2
5 vs 5 Defense
Defense Defense Time % Phy DF OF
1 Erik Johnson Sami Vatanen 40 1 2 2
2 Esa Lindell Christian Folin 30 1 2 2
3 Colby Robak David Savard 20 1 2 2
4 Erik Johnson Sami Vatanen 10 1 2 2
PowerPlay Forward
Center Left Wing Right Wing Time % Phy DF OF
1 Eric Staal Tanner Pearson Jimmy Hayes 60 1 1 3
2 Patrik Berglund Jake DeBrusk Kevin Labanc 40 1 1 3
PowerPlay Defense
Defense Defense Time % Phy DF OF
1 Erik Johnson Sami Vatanen 60 1 1 3
2 Esa Lindell Christian Folin 40 1 1 3
Penalty Kill 4 Players Forward
Center Wing Time % Phy DF OF
1 Patrik Berglund Brad Marchand 60 1 2 2
2 Eric Staal Bryan Rust 40 1 2 2
Penalty Kill 4 Players Defense
Defense Defense Time % Phy DF OF
1 Colby Robak David Savard 60 1 2 2
2 Erik Johnson Sami Vatanen 40 1 2 2
Penalty Kill - 3 Players Forward
Forward Time % Phy DF OF
1 Eric Staal 60 1 2 2
2 Patrik Berglund 40 1 2 2
Penalty Kill - 3 Players Defense
Defense Defense Time % Phy DF OF
1 Erik Johnson Sami Vatanen 60 1 2 2
2 Colby Robak David Savard 40 1 2 2
4 vs 4 Forward
Center Wing Time % Phy DF OF
1 Eric Staal Bryan Rust 60 1 2 2
2 Patrik Berglund Brad Marchand 40 1 2 2
4 vs 4 Defense
Defense Defense Time % Phy DF OF
1 Erik Johnson Sami Vatanen 60 1 2 2
2 Esa Lindell Christian Folin 40 1 2 2
Last Minutes Offensive
Center Left Wing Right Wing Defense Defense
Eric Staal Brad Marchand Bryan Rust Sami Vatanen Erik Johnson
Last Minutes Defensive
Center Left Wing Right Wing Defense Defense
Eric Staal Brad Marchand Bryan Rust Sami Vatanen Erik Johnson
Goaltenders
Starting : Christopher Gibson
Backup : Henrik Lundqvist
Extra Forwards
Normal : Tanner Pearson, Jimmy Hayes, Patrik Berglund - PP : Jake DeBrusk, Anders Lee - PK : Bryan Rust
Extra Defensemen
Normal : Esa Lindell, Christian Folin, Colby Robak - PP : Esa Lindell - PK : Christian Folin, David Savard
Penalty Shots
Eric Staal, Tanner Pearson, Jimmy Hayes, Kyle Palmieri, Patrik Berglund
Custom OT Lines Forwards
Eric Staal, Tanner Pearson, Patrik Berglund, Jimmy Hayes, Bryan Rust, Brad Marchand, Kyle Palmieri, Jake DeBrusk, Kevin Labanc, Victor Rask
Custom OT Lines Defensemen
Erik Johnson, Sami Vatanen, Christian Folin, Esa Lindell, David Savard
Scratches
Chris Brown (Healthy), Colin Wilson (Healthy), Mathieu Brodeur (Healthy), Matthew Nieto (Healthy)
Flyers
5 vs 5 Forward
Center Left Wing Right Wing Time % Phy DF OF
1 Jordan Nolan Nick Ritchie Jakub Voracek 40 0 2 3
2 Jeff Carter Max Pacioretty Kasperi Kapanen 30 0 2 3
3 Calle Jarnkrok Michael Bournival Niclas Bergfors 20 1 2 2
4 Travis Zajac Brock Nelson Travis Konecny 10 1 3 1
5 vs 5 Defense
Defense Defense Time % Phy DF OF
1 Jacob Trouba Brian Lashoff 40 1 2 2
2 Nathan Beaulieu Ivan Provorov 30 1 2 2
3 Jake Dotchin Cal Foote 20 1 2 2
4 Jacob Trouba Brian Lashoff 10 1 2 2
PowerPlay Forward
Center Left Wing Right Wing Time % Phy DF OF
1 Jordan Nolan Nick Ritchie Jakub Voracek 60 0 2 3
2 Jeff Carter Max Pacioretty Kasperi Kapanen 40 0 2 3
PowerPlay Defense
Defense Defense Time % Phy DF OF
1 Jacob Trouba Brian Lashoff 60 1 2 2
2 Nathan Beaulieu Ivan Provorov 40 1 2 2
Penalty Kill 4 Players Forward
Center Wing Time % Phy DF OF
1 Jordan Nolan Nick Ritchie 60 1 3 1
2 Jakub Voracek Kasperi Kapanen 40 1 3 1
Penalty Kill 4 Players Defense
Defense Defense Time % Phy DF OF
1 Jacob Trouba Brian Lashoff 60 1 4 0
2 Nathan Beaulieu Ivan Provorov 40 1 4 0
Penalty Kill - 3 Players Forward
Forward Time % Phy DF OF
1 Jordan Nolan 60 0 4 1
2 Nick Ritchie 40 0 4 1
Penalty Kill - 3 Players Defense
Defense Defense Time % Phy DF OF
1 Jacob Trouba Brian Lashoff 60 1 4 0
2 Nathan Beaulieu Ivan Provorov 40 1 4 0
4 vs 4 Forward
Center Wing Time % Phy DF OF
1 Jordan Nolan Nick Ritchie 60 1 2 2
2 Jakub Voracek Kasperi Kapanen 40 1 2 2
4 vs 4 Defense
Defense Defense Time % Phy DF OF
1 Jacob Trouba Brian Lashoff 60 1 2 2
2 Nathan Beaulieu Ivan Provorov 40 1 2 2
Last Minutes Offensive
Center Left Wing Right Wing Defense Defense
Jordan Nolan Nick Ritchie Jakub Voracek Jacob Trouba Brian Lashoff
Last Minutes Defensive
Center Left Wing Right Wing Defense Defense
Jordan Nolan Nick Ritchie Jakub Voracek Jacob Trouba Brian Lashoff
Goaltenders
Starting : Ilya Sorokin
Backup : Steve Mason
Extra Forwards
Normal : Niclas Bergfors, Travis Konecny, Michael Bournival - PP : Niclas Bergfors, Travis Konecny - PK : Michael Bournival
Extra Defensemen
Normal : Jake Dotchin, Cal Foote, Nathan Beaulieu - PP : Jake Dotchin - PK : Cal Foote, Nathan Beaulieu
Penalty Shots
Jordan Nolan, Nick Ritchie, Jakub Voracek, Kasperi Kapanen, Jeff Carter
Custom OT Lines Forwards
Jordan Nolan, Nick Ritchie, Jakub Voracek, Kasperi Kapanen, Jeff Carter, Max Pacioretty, Niclas Bergfors, Travis Konecny, Michael Bournival, Calle Jarnkrok
Custom OT Lines Defensemen
Jacob Trouba, Brian Lashoff, Nathan Beaulieu, Ivan Provorov, Jake Dotchin
Scratches
None
% Time on Ice - Flames
Lines # - Real PCT - Wanted PCT - Time Play
Normal Forward
1 - 34% - 40% - 16:12
2 - 27% - 30% - 13:04
3 - 20% - 20% - 9:42
4 - 18% - 10% - 8:41
Normal Defense
1 - 37% - 40% - 17:31
2 - 31% - 30% - 14:50
3 - 23% - 20% - 10:59
4 - 9% - 10% - 4:19
PP Forward
1 - 57% - 60% - 2:54
2 - 43% - 40% - 2:11
PP Defense
1 - 67% - 60% - 3:24
2 - 33% - 40% - 1:41
PK Forward
1 - 76% - 60% - 5:32
2 - 24% - 40% - 1:44
PK Defense
1 - 56% - 60% - 4:03
2 - 44% - 40% - 3:13
PK3 Forward
1 - 0% - 60%
2 - 0% - 40%
PK3 Defense
1 - 0% - 60%
2 - 0% - 40%
44 Forward
1 - 0% - 60%
2 - 0% - 40%
44 Defense
1 - 0% - 60%
2 - 0% - 40%
Last Minute Offensive - 0:00
Last Minute Defensive - 0:00
Total
Forward - 60:00
Defense - 60:00
|
% Time on Ice - Flyers
Lines # - Real PCT - Wanted PCT - Time Play
Normal Forward
1 - 32% - 40% - 15:15
2 - 29% - 30% - 13:39
3 - 25% - 20% - 11:44
4 - 15% - 10% - 7:01
Normal Defense
1 - 37% - 40% - 17:30
2 - 34% - 30% - 16:02
3 - 25% - 20% - 11:59
4 - 4% - 10% - 2:08
PP Forward
1 - 56% - 60% - 4:03
2 - 44% - 40% - 3:13
PP Defense
1 - 59% - 60% - 4:16
2 - 41% - 40% - 3:00
PK Forward
1 - 86% - 60% - 4:22
2 - 14% - 40% - 0:43
PK Defense
1 - 61% - 60% - 3:05
2 - 39% - 40% - 2:00
PK3 Forward
1 - 0% - 60%
2 - 0% - 40%
PK3 Defense
1 - 0% - 60%
2 - 0% - 40%
44 Forward
1 - 0% - 60%
2 - 0% - 40%
44 Defense
1 - 0% - 60%
2 - 0% - 40%
Last Minute Offensive - 0:00
Last Minute Defensive - 0:00
Total
Forward - 60:00
Defense - 60:00
|
Play-by-Play
1st period
0:01 of 1st period - Eric Staal wins face-off versus Jordan Nolan in neutral zone.
0:26 of 1st period - Tanner Pearson is hit by Kasperi Kapanen and loses puck.
0:37 of 1st period - Snap shot by Kasperi Kapanen.
0:37 of 1st period - Shot Misses the Net.
1:02 of 1st period - Minor Penalty to Christian Folin for Cross-checking.
1:03 of 1st period - Patrik Berglund wins face-off versus Jakub Voracek in Flames zone.
1:15 of 1st period - Snap shot by Nick Ritchie.
1:15 of 1st period - Shot Misses the Net.
1:17 of 1st period - Snap shot by Jordan Nolan.
1:17 of 1st period - Shot Misses the Net.
1:19 of 1st period - Wrist shot by Jordan Nolan.
1:19 of 1st period - Stopped by Christopher Gibson without a rebound.
1:20 of 1st period - Jeff Carter wins face-off versus Eric Staal in Flames zone.
1:27 of 1st period - Snap shot by Jeff Carter.
1:27 of 1st period - Shot Misses the Net.
1:29 of 1st period - Snap shot by Max Pacioretty.
1:29 of 1st period - Shot Blocked by Erik Johnson.
1:37 of 1st period - Snap shot by Max Pacioretty.
1:37 of 1st period - Shot Misses the Net.
1:47 of 1st period - Jakub Voracek is hit by Brad Marchand and loses puck.
2:26 of 1st period - Wrist shot by Nick Ritchie.
2:26 of 1st period - Deflect By Jakub Voracek.
2:26 of 1st period - Shot Misses the Net.
2:26 of 1st period - Puck is out of play.
2:27 of 1st period - Eric Staal wins face-off versus Jeff Carter in Flames zone.
3:02 of 1st period - Penalty to Christian Folin is over, Christian Folin is back on ice.
5:47 of 1st period - Snap shot by Jakub Voracek.
5:47 of 1st period - Stopped by Christopher Gibson with a rebound.
6:03 of 1st period - Snap shot by Travis Konecny.
6:03 of 1st period - Deflect By Travis Zajac.
6:03 of 1st period - Shot Misses the Net.
6:03 of 1st period - Puck is out of play.
6:04 of 1st period - Eric Staal wins face-off versus Travis Zajac in Flames zone.
6:09 of 1st period - Travis Zajac is hit by Brad Marchand and loses puck.
6:20 of 1st period - Snap shot by Bryan Rust.
6:20 of 1st period - Stopped by Ilya Sorokin without a rebound.
6:21 of 1st period - Jordan Nolan wins face-off versus Patrik Berglund in Flyers zone.
6:27 of 1st period - Off-side.
6:28 of 1st period - Jordan Nolan wins face-off versus Jimmy Hayes in neutral zone.
6:37 of 1st period - Slapshot by Jakub Voracek.
6:37 of 1st period - Shot Blocked by Colby Robak.
6:43 of 1st period - Slapshot by Tanner Pearson.
6:43 of 1st period - Stopped by Ilya Sorokin without a rebound.
6:44 of 1st period - Jeff Carter wins face-off versus Eric Staal in Flyers zone.
6:55 of 1st period - Slapshot by Brad Marchand.
6:55 of 1st period - Shot Blocked by Jacob Trouba.
6:57 of 1st period - Slapshot by Erik Johnson.
6:57 of 1st period - Shot Misses the Net.
6:59 of 1st period - Snap shot by Erik Johnson.
6:59 of 1st period - Stopped by Ilya Sorokin without a rebound.
7:00 of 1st period - Eric Staal wins face-off versus Jordan Nolan in Flyers zone.
7:05 of 1st period - Snap shot by Eric Staal.
7:05 of 1st period - Deflect By Bryan Rust.
7:05 of 1st period - Stopped by Ilya Sorokin without a rebound.
7:06 of 1st period - Bryan Rust wins face-off versus Jordan Nolan in Flyers zone.
8:28 of 1st period - Travis Zajac is hit by Bryan Rust and loses puck.
9:14 of 1st period - Icing by Jake Dotchin.
9:15 of 1st period - Jeff Carter wins face-off versus Eric Staal in Flyers zone.
9:50 of 1st period - Wrist shot by Kasperi Kapanen.
9:50 of 1st period - Stopped by Christopher Gibson with a rebound.
9:52 of 1st period - Snap shot by Kasperi Kapanen.
9:52 of 1st period - Stopped by Christopher Gibson with a rebound.
9:54 of 1st period - Slapshot by Jake Dotchin.
9:54 of 1st period - Stopped by Christopher Gibson without a rebound.
9:55 of 1st period - Nick Ritchie wins face-off versus Patrik Berglund in Flames zone.
10:18 of 1st period - Minor Penalty to Patrik Berglund for Interference.
10:19 of 1st period - Nick Ritchie wins face-off versus Bryan Rust in Flames zone.
12:18 of 1st period - Penalty to Patrik Berglund is over, Patrik Berglund is back on ice.
12:56 of 1st period - Off-side.
12:57 of 1st period - Victor Rask wins face-off versus Travis Zajac in neutral zone.
13:02 of 1st period - Slapshot by Esa Lindell.
13:02 of 1st period - Goal by Esa Lindell - Flames : 1 - Flyers : 0.
13:03 of 1st period - Nick Ritchie wins face-off versus Eric Staal in neutral zone.
13:30 of 1st period - Brad Marchand is hit by Calle Jarnkrok and loses puck.
14:40 of 1st period - Slapshot by Kevin Labanc.
14:40 of 1st period - Stopped by Ilya Sorokin without a rebound.
14:41 of 1st period - Anders Lee wins face-off versus Jeff Carter in Flyers zone.
15:16 of 1st period - Slapshot by Erik Johnson.
15:16 of 1st period - Shot Blocked by Ivan Provorov.
15:30 of 1st period - Minor Penalty to Brad Marchand for Tripping.
15:31 of 1st period - Jordan Nolan wins face-off versus Patrik Berglund in Flames zone.
15:59 of 1st period - Snap shot by Nick Ritchie.
15:59 of 1st period - Stopped by Christopher Gibson without a rebound.
16:00 of 1st period - Eric Staal wins face-off versus Jeff Carter in Flames zone.
16:06 of 1st period - Icing by Ivan Provorov.
16:07 of 1st period - Patrik Berglund wins face-off versus Jeff Carter in Flyers zone.
16:30 of 1st period - Wrist shot by Kasperi Kapanen.
16:30 of 1st period - Stopped by Christopher Gibson without a rebound.
16:31 of 1st period - Jordan Nolan wins face-off versus Patrik Berglund in Flames zone.
17:01 of 1st period - Off-side.
17:02 of 1st period - Jeff Carter wins face-off versus Eric Staal in neutral zone.
17:11 of 1st period - Slapshot by Max Pacioretty.
17:11 of 1st period - Stopped by Christopher Gibson with a rebound.
17:13 of 1st period - Slapshot by Nathan Beaulieu.
17:13 of 1st period - Deflect By Jeff Carter.
17:13 of 1st period - Shot Misses the Net.
17:13 of 1st period - Puck is out of play.
17:14 of 1st period - Jordan Nolan wins face-off versus Patrik Berglund in Flames zone.
17:27 of 1st period - Wrist shot by Jakub Voracek.
17:27 of 1st period - Stopped by Christopher Gibson with a rebound.
17:29 of 1st period - Wrist shot by Jacob Trouba.
17:29 of 1st period - Shot Misses the Net.
17:30 of 1st period - Penalty to Brad Marchand is over, Brad Marchand is back on ice.
17:31 of 1st period - Snap shot by Nick Ritchie.
17:31 of 1st period - Goal by Nick Ritchie - Flames : 1 - Flyers : 1.
17:32 of 1st period - Jordan Nolan wins face-off versus Eric Staal in neutral zone.
17:35 of 1st period - Snap shot by Nick Ritchie.
17:35 of 1st period - Stopped by Christopher Gibson with a rebound.
17:47 of 1st period - Wrist shot by Brad Marchand.
17:47 of 1st period - Shot Blocked by Jordan Nolan.
17:49 of 1st period - Wrist shot by Bryan Rust.
17:49 of 1st period - Shot Misses the Net.
17:56 of 1st period - Icing by Jordan Nolan.
17:57 of 1st period - Jordan Nolan wins face-off versus Patrik Berglund in Flyers zone.
19:47 of 1st period - Slapshot by Sami Vatanen.
19:47 of 1st period - Shot Misses the Net.
19:49 of 1st period - Slapshot by Erik Johnson.
19:49 of 1st period - Stopped by Ilya Sorokin with a rebound.
Goals for this period are 1 for Flames vs 1 for Flyers.
Shots for this period are 7 for Flames vs 11 for Flyers.
2nd period
0:01 of 2nd period - Jordan Nolan wins face-off versus Eric Staal in neutral zone.
0:11 of 2nd period - Minor Penalty to Sami Vatanen for Slashing.
0:12 of 2nd period - Jordan Nolan wins face-off versus Patrik Berglund in Flames zone.
0:26 of 2nd period - Snap shot by Jakub Voracek.
0:26 of 2nd period - Stopped by Christopher Gibson with a rebound.
0:43 of 2nd period - Snap shot by Nathan Beaulieu.
0:43 of 2nd period - Stopped by Christopher Gibson without a rebound.
0:44 of 2nd period - Jordan Nolan wins face-off versus Eric Staal in Flames zone.
1:14 of 2nd period - Off-side.
1:15 of 2nd period - Patrik Berglund wins face-off versus Jeff Carter in neutral zone.
1:28 of 2nd period - Snap shot by Max Pacioretty.
1:28 of 2nd period - Shot Misses the Net.
1:30 of 2nd period - Snap shot by Jeff Carter.
1:30 of 2nd period - Goal by Jeff Carter - Flames : 1 - Flyers : 2.
1:31 of 2nd period - Eric Staal wins face-off versus Jordan Nolan in neutral zone.
1:44 of 2nd period - Snap shot by Jakub Voracek.
1:44 of 2nd period - Shot Blocked by Erik Johnson.
1:46 of 2nd period - Snap shot by Brian Lashoff.
1:46 of 2nd period - Stopped by Christopher Gibson with a rebound.
1:48 of 2nd period - Slapshot by Jacob Trouba.
1:48 of 2nd period - Deflect By Bryan Rust.
1:48 of 2nd period - Stopped by Christopher Gibson with a rebound.
2:27 of 2nd period - Snap shot by Anders Lee.
2:27 of 2nd period - Stopped by Ilya Sorokin without a rebound.
2:28 of 2nd period - Calle Jarnkrok wins face-off versus Anders Lee in Flyers zone.
2:28 of 2nd period - Calle Jarnkrok is hit by Kevin Labanc.
2:50 of 2nd period - Slapshot by Kevin Labanc.
2:50 of 2nd period - Shot Misses the Net.
3:05 of 2nd period - Esa Lindell is hit by Cal Foote and loses puck.
3:20 of 2nd period - Wrist shot by Niclas Bergfors.
3:20 of 2nd period - Goal by Niclas Bergfors - Flames : 1 - Flyers : 3.
3:21 of 2nd period - Jordan Nolan wins face-off versus Eric Staal in neutral zone.
3:28 of 2nd period - Snap shot by Erik Johnson.
3:28 of 2nd period - Deflect By Eric Staal.
3:28 of 2nd period - Shot Misses the Net.
3:28 of 2nd period - Puck is out of play.
3:29 of 2nd period - Jordan Nolan wins face-off versus Eric Staal in Flyers zone.
3:50 of 2nd period - Wrist shot by Jordan Nolan.
3:50 of 2nd period - Deflect By Nick Ritchie.
3:50 of 2nd period - Shot Misses the Net.
3:50 of 2nd period - Puck is out of play.
3:51 of 2nd period - Patrik Berglund wins face-off versus Jeff Carter in Flames zone.
4:30 of 2nd period - Snap shot by Anders Lee.
4:30 of 2nd period - Shot Misses the Net.
4:42 of 2nd period - Snap shot by Bryan Rust.
4:42 of 2nd period - Stopped by Ilya Sorokin without a rebound.
4:43 of 2nd period - Eric Staal wins face-off versus Jordan Nolan in Flyers zone.
4:44 of 2nd period - Slapshot by Bryan Rust.
4:44 of 2nd period - Stopped by Ilya Sorokin with a rebound.
4:54 of 2nd period - Snap shot by Brad Marchand.
4:54 of 2nd period - Stopped by Ilya Sorokin with a rebound.
5:37 of 2nd period - Calle Jarnkrok is hit by Bryan Rust and loses puck.
5:44 of 2nd period - Wrist shot by Bryan Rust.
5:44 of 2nd period - Stopped by Ilya Sorokin with a rebound.
5:46 of 2nd period - Wrist shot by Brad Marchand.
5:46 of 2nd period - Stopped by Ilya Sorokin with a rebound.
6:06 of 2nd period - Wrist shot by Calle Jarnkrok.
6:06 of 2nd period - Stopped by Christopher Gibson with a rebound.
6:38 of 2nd period - Brian Lashoff is hit by Erik Johnson and loses puck.
7:03 of 2nd period - Jacob Trouba is hit by Erik Johnson and loses puck.
7:35 of 2nd period - Calle Jarnkrok is hit by Eric Staal and loses puck.
7:43 of 2nd period - Off-side.
7:44 of 2nd period - Patrik Berglund wins face-off versus Jordan Nolan in neutral zone.
8:21 of 2nd period - Off-side.
8:22 of 2nd period - Patrik Berglund wins face-off versus Jeff Carter in neutral zone.
8:57 of 2nd period - Snap shot by Travis Konecny.
8:57 of 2nd period - Stopped by Christopher Gibson without a rebound.
8:58 of 2nd period - Anders Lee wins face-off versus Travis Zajac in Flames zone.
8:58 of 2nd period - Anders Lee is hit by Cal Foote.
9:04 of 2nd period - Cal Foote is hit by Anders Lee.
9:45 of 2nd period - Nathan Beaulieu is hit by Victor Rask and loses puck.
10:06 of 2nd period - Jake DeBrusk is hit by Travis Konecny and loses puck.
10:21 of 2nd period - Patrik Berglund is hit by Nick Ritchie and loses puck.
10:34 of 2nd period - David Ullstrom is hit by Ivan Provorov and loses puck.
10:45 of 2nd period - Brock Nelson is hit by Anders Lee and loses puck.
11:00 of 2nd period - Erik Johnson is hit by Cal Foote.
11:14 of 2nd period - Wrist shot by Jeff Carter.
11:14 of 2nd period - Stopped by Christopher Gibson with a rebound.
11:39 of 2nd period - Jimmy Hayes is hit by Nick Ritchie and loses puck.
11:52 of 2nd period - Brock Nelson is hit by Kevin Labanc and loses puck.
12:53 of 2nd period - Wrist shot by Kasperi Kapanen.
12:53 of 2nd period - Stopped by Christopher Gibson with a rebound.
15:22 of 2nd period - Bryan Rust is hit by Max Pacioretty and loses puck.
15:52 of 2nd period - Tanner Pearson is hit by Max Pacioretty and loses puck.
16:17 of 2nd period - Snap shot by Kasperi Kapanen.
16:17 of 2nd period - Stopped by Christopher Gibson with a rebound.
16:31 of 2nd period - Slapshot by David Ullstrom.
16:31 of 2nd period - Shot Blocked by Kasperi Kapanen.
16:33 of 2nd period - Backhand shot by David Ullstrom.
16:33 of 2nd period - Shot Misses the Net.
16:35 of 2nd period - Slapshot by Colby Robak.
16:35 of 2nd period - Shot Blocked by Kasperi Kapanen.
16:37 of 2nd period - Snap shot by Kyle Palmieri.
16:37 of 2nd period - Goal by Kyle Palmieri - Flames : 2 - Flyers : 3.
16:38 of 2nd period - Brad Marchand wins face-off versus Jordan Nolan in neutral zone.
16:45 of 2nd period - Snap shot by Eric Staal.
16:45 of 2nd period - Stopped by Ilya Sorokin with a rebound.
16:47 of 2nd period - Slapshot by Bryan Rust.
16:47 of 2nd period - Stopped by Ilya Sorokin without a rebound.
16:48 of 2nd period - Eric Staal wins face-off versus Jordan Nolan in Flyers zone.
17:03 of 2nd period - Jacob Trouba is hit by Brad Marchand and loses puck.
18:03 of 2nd period - Wrist shot by Eric Staal.
18:03 of 2nd period - Stopped by Ilya Sorokin without a rebound.
18:04 of 2nd period - Jeff Carter wins face-off versus Patrik Berglund in Flyers zone.
18:56 of 2nd period - Ivan Provorov is hit by Kyle Palmieri and loses puck.
19:38 of 2nd period - Icing by Jacob Trouba.
19:39 of 2nd period - Victor Rask wins face-off versus Calle Jarnkrok in Flyers zone.
19:57 of 2nd period - Icing by Niclas Bergfors.
19:58 of 2nd period - Calle Jarnkrok wins face-off versus Brad Marchand in Flyers zone.
19:58 of 2nd period - Calle Jarnkrok is hit by Esa Lindell.
Goals for this period are 1 for Flames vs 2 for Flyers.
Shots for this period are 10 for Flames vs 11 for Flyers.
3rd period
0:01 of 3rd period - Eric Staal wins face-off versus Nick Ritchie in neutral zone.
0:14 of 3rd period - Jacob Trouba is hit by Erik Johnson and loses puck.
1:37 of 3rd period - Slapshot by Brock Nelson.
1:37 of 3rd period - Shot Misses the Net.
2:44 of 3rd period - Snap shot by David Ullstrom.
2:44 of 3rd period - Shot Blocked by Jordan Nolan.
3:24 of 3rd period - Esa Lindell is hit by Jeff Carter.
3:32 of 3rd period - Slapshot by Patrik Berglund.
3:32 of 3rd period - Stopped by Ilya Sorokin with a rebound.
3:56 of 3rd period - Snap shot by Jake DeBrusk.
3:56 of 3rd period - Shot Misses the Net.
3:58 of 3rd period - Wrist shot by Jake DeBrusk.
3:58 of 3rd period - Shot Blocked by Jacob Trouba.
4:17 of 3rd period - Nick Ritchie is hit by Eric Staal and loses puck.
4:36 of 3rd period - Sami Vatanen is hit by Travis Konecny and loses puck.
5:02 of 3rd period - Snap shot by Kasperi Kapanen.
5:02 of 3rd period - Stopped by Christopher Gibson without a rebound.
5:03 of 3rd period - Jordan Nolan wins face-off versus Eric Staal in Flames zone.
5:04 of 3rd period - Wrist shot by Jakub Voracek.
5:04 of 3rd period - Shot Blocked by Esa Lindell.
5:06 of 3rd period - Snap shot by Jakub Voracek.
5:06 of 3rd period - Shot Misses the Net.
5:18 of 3rd period - Snap shot by Jakub Voracek.
5:18 of 3rd period - Stopped by Christopher Gibson with a rebound.
5:20 of 3rd period - Snap shot by Jordan Nolan.
5:20 of 3rd period - Stopped by Christopher Gibson with a rebound.
5:36 of 3rd period - Snap shot by Patrik Berglund.
5:36 of 3rd period - Stopped by Ilya Sorokin with a rebound.
5:50 of 3rd period - Nathan Beaulieu is hit by Jake DeBrusk and loses puck.
6:03 of 3rd period - Wrist shot by Kevin Labanc.
6:03 of 3rd period - Stopped by Ilya Sorokin without a rebound.
6:04 of 3rd period - Eric Staal wins face-off versus Jordan Nolan in Flyers zone.
6:13 of 3rd period - Wrist shot by Bryan Rust.
6:13 of 3rd period - Stopped by Ilya Sorokin with a rebound.
6:19 of 3rd period - Wrist shot by Brad Marchand.
6:19 of 3rd period - Shot Blocked by Brian Lashoff.
6:21 of 3rd period - Snap shot by Bryan Rust.
6:21 of 3rd period - Shot Misses the Net.
6:31 of 3rd period - Tanner Pearson is hit by Jacob Trouba and loses puck.
8:39 of 3rd period - Slapshot by Sami Vatanen.
8:39 of 3rd period - Shot Blocked by Brock Nelson.
8:41 of 3rd period - Snap shot by Erik Johnson.
8:41 of 3rd period - Shot Blocked by Brock Nelson.
8:43 of 3rd period - Wrist shot by Brad Marchand.
8:43 of 3rd period - Shot Misses the Net.
8:45 of 3rd period - Wrist shot by Eric Staal.
8:45 of 3rd period - Stopped by Ilya Sorokin without a rebound.
8:46 of 3rd period - Jordan Nolan wins face-off versus Patrik Berglund in Flyers zone.
8:55 of 3rd period - Wrist shot by Jakub Voracek.
8:55 of 3rd period - Stopped by Christopher Gibson with a rebound.
8:57 of 3rd period - Snap shot by Jakub Voracek.
8:57 of 3rd period - Goal by Jakub Voracek - Flames : 2 - Flyers : 4.
8:58 of 3rd period - Jordan Nolan wins face-off versus Eric Staal in neutral zone.
9:25 of 3rd period - Wrist shot by Kasperi Kapanen.
9:25 of 3rd period - Shot Hit the Post.
9:28 of 3rd period - Icing by Esa Lindell.
9:29 of 3rd period - Jeff Carter wins face-off versus Patrik Berglund in Flames zone.
9:34 of 3rd period - Wrist shot by Kasperi Kapanen.
9:34 of 3rd period - Shot Blocked by Christian Folin.
10:04 of 3rd period - Slapshot by Christian Folin.
10:04 of 3rd period - Stopped by Ilya Sorokin with a rebound.
10:06 of 3rd period - Wrist shot by Jimmy Hayes.
10:06 of 3rd period - Deflect By Nathan Beaulieu.
10:06 of 3rd period - Stopped by Ilya Sorokin without a rebound.
10:07 of 3rd period - Jordan Nolan wins face-off versus Eric Staal in Flyers zone.
10:09 of 3rd period - Minor Penalty to Nick Ritchie for Interference.
10:10 of 3rd period - Eric Staal wins face-off versus Jordan Nolan in Flyers zone.
10:24 of 3rd period - Wrist shot by Erik Johnson.
10:24 of 3rd period - Stopped by Ilya Sorokin with a rebound.
10:36 of 3rd period - Patrik Berglund is hit by Brian Lashoff and loses puck.
10:43 of 3rd period - Wrist shot by Jake DeBrusk.
10:43 of 3rd period - Shot Blocked by Michael Bournival.
11:45 of 3rd period - Max Pacioretty is hit by Eric Staal and loses puck.
12:09 of 3rd period - Penalty to Nick Ritchie is over, Nick Ritchie is back on ice.
12:09 of 3rd period - Icing by Brian Lashoff.
12:10 of 3rd period - Michael Bournival wins face-off versus Anders Lee in Flyers zone.
12:48 of 3rd period - Slapshot by Jeff Carter.
12:48 of 3rd period - Stopped by Christopher Gibson without a rebound.
12:49 of 3rd period - Jeff Carter wins face-off versus Eric Staal in Flames zone.
13:02 of 3rd period - Snap shot by Kasperi Kapanen.
13:02 of 3rd period - Stopped by Christopher Gibson without a rebound.
13:03 of 3rd period - Jordan Nolan wins face-off versus Patrik Berglund in Flames zone.
13:39 of 3rd period - Snap shot by Eric Staal.
13:39 of 3rd period - Shot Misses the Net.
13:45 of 3rd period - Minor Penalty to Nathan Beaulieu for Tripping.
13:46 of 3rd period - Jordan Nolan wins face-off versus Eric Staal in Flyers zone.
15:32 of 3rd period - Patrik Berglund is hit by Ivan Provorov and loses puck.
15:45 of 3rd period - Penalty to Nathan Beaulieu is over, Nathan Beaulieu is back on ice.
17:21 of 3rd period - Jacob Trouba is hit by Tanner Pearson and loses puck.
17:42 of 3rd period - Brian Lashoff is hit by Brad Marchand and loses puck.
17:55 of 3rd period - Kyle Palmieri is hit by Travis Zajac and loses puck.
18:05 of 3rd period - Snap shot by Travis Zajac.
18:05 of 3rd period - Stopped by Christopher Gibson without a rebound.
18:06 of 3rd period - Jordan Nolan wins face-off versus Eric Staal in Flames zone.
18:13 of 3rd period - Slapshot by Esa Lindell.
18:13 of 3rd period - Stopped by Ilya Sorokin with a rebound.
18:15 of 3rd period - Snap shot by Bryan Rust.
18:15 of 3rd period - Deflect By Nick Ritchie.
18:15 of 3rd period - Stopped by Ilya Sorokin with a rebound.
18:27 of 3rd period - Snap shot by Niclas Bergfors.
18:27 of 3rd period - Stopped by Christopher Gibson without a rebound.
18:28 of 3rd period - Calle Jarnkrok wins face-off versus Anders Lee in Flames zone.
18:52 of 3rd period - Minor Penalty to Calle Jarnkrok for High sticking.
18:53 of 3rd period - Jordan Nolan wins face-off versus Eric Staal in Flyers zone.
19:06 of 3rd period - Snap shot by Jordan Nolan.
19:06 of 3rd period - Stopped by Christopher Gibson with a rebound.
19:08 of 3rd period - Slapshot by Jacob Trouba.
19:08 of 3rd period - Deflect By Sami Vatanen.
19:08 of 3rd period - Stopped by Christopher Gibson without a rebound.
19:09 of 3rd period - Eric Staal wins face-off versus Jordan Nolan in Flames zone.
19:14 of 3rd period - Snap shot by Jimmy Hayes.
19:14 of 3rd period - Shot Blocked by Brian Lashoff.
19:16 of 3rd period - Wrist shot by Eric Staal.
19:16 of 3rd period - Shot Misses the Net.
19:18 of 3rd period - Wrist shot by Jimmy Hayes.
19:18 of 3rd period - Shot Misses the Net.
19:20 of 3rd period - Slapshot by Tanner Pearson.
19:20 of 3rd period - Stopped by Ilya Sorokin without a rebound.
19:21 of 3rd period - Eric Staal wins face-off versus Jordan Nolan in Flyers zone.
Goals for this period are 0 for Flames vs 1 for Flyers.
Shots for this period are 11 for Flames vs 11 for Flyers.